Map: Deathaura LE

Players

ByuN

  • Race: Terran Terran
  • League: Master
  • Spawn Location: 5:00

Trap - Winner!

  • Race: Protoss Protoss
  • League: Master
  • Spawn Location: 11:00

VOD

Have the link to the VOD?

Description

Time

  • Played on: Jan. 13, 2021, 10:09 a.m.
  • Length: 13:21
Show
View Real Time Build Order
Export as new Build Order

ByuN Terran 

Build Orders:  

Get SALT Encoding   

  12  0:00  SCV  
  13  0:12  SCV  
  14  0:16  Supply Depot  
  14  0:24  SCV  
  15  0:33  Refinery  
  15  0:38  SCV  
  16  0:44  Barracks  
  16  0:50  SCV  
  17  1:02  SCV  
  18  1:09  Engineering Bay  
  18  1:15  SCV  
  19  1:31  Marine  
  19  1:32  Orbital Command  
  20  1:39  Factory  
  20  1:52  Barracks Reactor  
  20  1:57  SCV  
  21  2:07  Supply Depot  
  21  2:09  SCV  
  22  2:23  Command Center  
  22  2:25  SCV  
  22  2:28  Marine  
  22  2:29  Widow Mine, Marine  
  27  2:36  Supply Depot  
  27  2:38  SCV  
  28  2:46  Starport  
  28  2:51  Marine x2  
  28  2:53  SCV  
  28  2:58  Refinery  
  31  3:05  SCV  
  34  3:12  Supply Depot  
  34  3:13  Hellion  
  34  3:17  SCV  
  34  3:18  Marine  
  36  3:20  Marine  
  36  3:24  Starport Tech Lab  
  37  3:29  SCV  
  38  3:35  Orbital Command  
  38  3:40  Factory Tech Lab  
  38  3:41  Marine x2  
  38  3:44  SCV  
  38  3:47  Raven  
  43  3:56  SCV  
  43  3:59  Barracks  
  44  4:06  Marine x2  
  44  4:07  SCV  
  44  4:08  SCV  
  48  4:12  Barracks  
  48  4:19  SCV  
  48  4:21  SCV  
  48  4:24  Marine x2  
  50  4:25  Supply Depot  
  51  4:31  SCV  
  51  4:33  SCV  
  50  4:43  SCV, Marine x2  
  50  4:45  SCV  
  51  4:55  SCV  
  51  4:56  Engineering Bay  
  51  4:57  SCV  
  53  5:00  Stimpack  
  53  5:01  Marauder, Marine x2  
  53  5:04  Starport Reactor, Factory Reactor  
  53  5:06  Refinery  
  57  5:07  SCV  
  57  5:09  SCV  
  57  5:20  SCV  
  58  5:21  SCV  
  58  5:22  Marine x2  
  61  5:29  Marauder x2  
  61  5:32  Supply Depot, SCV  
  61  5:33  SCV  
  61  5:34  Combat Shield  
  65  5:38  Terran Infantry Weapons Level 1  
  65  5:42  Refinery  
  65  5:44  SCV  
  65  5:46  SCV, Marine x2  
  69  5:54  Medivac x2, Supply Depot  
  69  5:55  Supply Depot x2  
  69  5:56  SCV  
  74  5:58  SCV  
  74  6:02  Marauder x2  
  77  6:05  Marine  
  78  6:17  SCV x2, Marine  
  81  6:18  Supply Depot  
  81  6:20  Supply Depot, Widow Mine  
  81  6:21  Widow Mine  
  85  6:28  Medivac  
  85  6:29  Medivac, SCV  
  85  6:32  Marauder x2  
  94  6:40  Marine  
  95  6:47  Marine  
  95  6:50  SCV x2  
  95  6:53  Concussive Shells  
  98  6:57  Command Center, Widow Mine x2  
  98  7:00  Marauder x2  
  104  7:09  SCV x2  
  104  7:11  Marine x2  
  107  7:19  Widow Mine x2  
  107  7:21  SCV x2  
  104  7:28  Marauder x2  
  104  7:30  Barracks  
  104  7:32  Barracks  
  104  7:33  SCV x2  
  104  7:36  Marine x2  
  108  7:40  Widow Mine  
  110  7:45  SCV x2  
  110  7:46  Missile Turret, Widow Mine  
  110  7:49  Terran Infantry Armor Level 1  
  114  7:54  Medivac x2  
  118  7:58  Missile Turret  
  118  8:01  SCV x2, Marine x2  
  118  8:04  Marauder  
  124  8:07  Marauder  
  126  8:16  Widow Mine  
  126  8:17  Orbital Command  
  126  8:18  Missile Turret  
  128  8:20  SCV x2  
  130  8:31  Marine  
  130  8:32  Marine  
  130  8:33  Marauder x2  
  131  8:34  Barracks Reactor, Barracks Tech Lab  
  131  8:39  SCV x2  
  128  8:44  Armory  
  128  8:46  Engineering Bay  
  128  8:51  SCV  
  127  8:58  Marauder x2  
  127  8:59  Marine x3  
  127  9:01  Medivac, Widow Mine x2  
  122  9:08  Medivac  
  116  9:15  Marine x2  
  112  9:17  Marine  
  112  9:18  Marauder  
  112  9:19  Marauder  
  112  9:20  Marauder  
  112  9:22  Widow Mine x2  
  123  9:26  Supply Depot, Marine  
  123  9:28  Supply Depot  
  124  9:31  Medivac  
  124  9:33  Ghost Academy  
  124  9:34  Supply Depot  
  124  9:37  Marine x3  
  124  9:38  Supply Depot  
  129  9:39  Marauder  
  129  9:41  Terran Infantry Weapons Level 2  
  129  9:44  Terran Infantry Armor Level 2  
  131  9:50  Refinery  
  131  9:51  Refinery  
  131  9:54  Marine  
  131  9:59  Marine x3  
  135  10:01  Ghost x3  
  141  10:13  Missile Turret  
  140  10:15  Marine  
  140  10:16  Marine x2  
  140  10:17  Widow Mine, Marine  
  140  10:18  Widow Mine  
  140  10:20  SCV x2  
  132  10:22  SCV  
  133  10:30  Marauder x3  
  133  10:32  SCV  
  133  10:33  Marine  
  133  10:34  Marine x3  
  136  10:40  Sensor Tower  
  136  10:50  Command Center, Enhanced Shockwaves, Marine  
  136  10:51  Marine  
  136  10:52  Marauder x2, Marine  
  136  10:53  Medivac  
  136  10:54  Medivac  
  147  10:58  Marine x2  
  147  11:00  SCV x2  
  148  11:15  Marauder x3, Marine x3  
  136  11:22  Widow Mine x2  
  136  11:23  Medivac  
  136  11:24  Medivac  
  115  11:33  Marine x2  
  115  11:34  Marine  
  115  11:35  SCV x3  
  121  11:42  Marine  
  121  11:43  Ghost  
  116  11:47  Ghost, SCV x2  
  116  11:48  SCV  
  116  11:51  Marauder  
  116  11:53  Medivac  
  121  11:54  Medivac  
  121  11:56  Marine x3  
  121  11:58  Widow Mine x2  
  121  11:59  SCV  
  121  12:00  SCV x2, Marine  
  131  12:16  SCV x2  
  131  12:17  Marine x3  
  131  12:18  Marauder x3  
  123  12:31  Marine  
  123  12:34  Marine  
  123  12:35  Marine x2  
  127  12:40  Marauder x3  
  127  12:42  Widow Mine  
  135  12:48  Barracks, Marine  
  135  12:51  Barracks, SCV x3  
  138  12:52  Marine  
  138  12:53  Barracks  
  140  13:04  Missile Turret  
Show
View Real Time Build Order
Export as new Build Order

Trap Protoss - Winner!

Build Orders: Phoenix Opening 

Get SALT Encoding   

  12  0:00  Probe  
  13  0:12  Probe  
  14  0:18  Pylon  
  14  0:24  Probe (Chrono Boost)  
  15  0:36  Probe (Chrono Boost)  
  15  0:37  Gateway  
  16  0:45  Probe (Chrono Boost)  
  16  0:46  Assimilator  
  17  0:51  Probe  
  18  1:03  Probe  
  19  1:15  Probe  
  20  1:24  Cybernetics Core  
  20  1:27  Zealot (Chrono Boost)  
  20  1:30  Pylon  
  20  1:31  Probe  
  23  1:35  Assimilator  
  23  1:48  Probe  
  24  2:00  Adept, Probe  
  26  2:12  Probe  
  27  2:16  Stargate  
  27  2:21  Warp Gate  
  27  2:24  Probe  
  28  2:31  Nexus  
  28  2:37  Adept  
  28  2:42  Pylon  
  30  2:45  Probe  
  31  3:00  Phoenix (Chrono Boost), Probe  
  34  3:08  Gateway  
  34  3:13  Probe  
  35  3:21  Phoenix (Chrono Boost)  
  35  3:25  Probe  
  38  3:33  Pylon  
  38  3:39  Phoenix (Chrono Boost)  
  39  3:43  Probe (Chrono Boost)  
  39  3:45  Probe (Chrono Boost)  
  40  3:52  Probe (Chrono Boost)  
  40  3:54  Probe (Chrono Boost)  
  42  3:57  Phoenix (Chrono Boost)  
  42  3:58  Probe  
  45  4:04  Probe  
  46  4:10  Probe  
  46  4:16  Probe  
  48  4:19  Phoenix (Chrono Boost)  
  48  4:24  Probe  
  51  4:28  Probe  
  51  4:36  Probe  
  52  4:40  Nexus  
  52  4:41  Probe  
  52  4:44  Pylon  
  52  4:45  Assimilator  
  53  4:46  Assimilator  
  53  4:48  Probe  
  54  4:53  Probe  
  54  4:56  Sentry  
  54  4:57  Forge  
  57  5:01  Twilight Council  
  57  5:02  Probe  
  57  5:05  Probe  
  59  5:08  Phoenix  
  61  5:14  Probe  
  61  5:16  Gateway  
  61  5:17  Probe  
  61  5:18  Sentry  
  65  5:26  Probe  
  65  5:27  Protoss Ground Armor Level 1 (Chrono Boost), Pylon  
  66  5:29  Probe  
  66  5:32  Charge (Chrono Boost)  
  66  5:34  Gateway  
  67  5:37  Gateway  
  67  5:45  Probe x2  
  67  5:49  Pylon  
  69  5:52  Probe  
  70  5:57  Probe x2  
  70  6:02  Sentry, Zealot  
  76  6:04  Probe  
  76  6:07  Shield Battery  
  76  6:09  Probe x2  
  79  6:19  Gateway  
  79  6:20  Gateway  
  79  6:21  Gateway  
  79  6:22  Gateway  
  79  6:27  Zealot x3  
  79  6:32  Shield Battery  
  85  6:33  Zealot  
  85  6:34  Zealot  
  85  6:39  Pylon  
  89  6:40  Probe x2  
  89  6:41  Probe  
  92  6:49  Templar Archives  
  92  6:51  Pylon  
  92  6:52  Shield Battery  
  92  6:53  Zealot x2  
  96  6:57  Phoenix (Chrono Boost)  
  96  7:00  Zealot  
  100  7:02  Probe x2  
  100  7:04  Probe  
  103  7:13  Phoenix  
  103  7:19  Zealot x5  
  113  7:22  Probe x2  
  113  7:23  Probe  
  113  7:25  Protoss Ground Armor Level 2 (Chrono Boost)  
  113  7:28  Zealot  
  116  7:32  Robotics Facility  
  116  7:36  Pylon  
  116  7:37  Pylon  
  116  7:38  Assimilator  
  116  7:39  Assimilator  
  116  7:49  Photon Cannon  
  116  7:52  Pylon  
  116  7:53  Phoenix, Pylon  
  116  7:56  Probe x3  
  119  8:02  High Templar x4  
  127  8:06  Forge  
  127  8:10  Nexus  
  127  8:12  Pylon  
  127  8:13  Archon x2  
  127  8:18  Zealot x3  
  133  8:25  Photon Cannon  
  133  8:35  High Templar x2  
  133  8:36  High Templar  
  139  8:41  Zealot x2, High Templar  
  139  8:42  Zealot x2  
  139  8:45  Archon, Shield Battery, Photon Cannon  
  139  8:46  Archon  
  149  8:50  Observer (Chrono Boost)  
  148  9:02  Probe x3  
  141  9:11  Protoss Ground Weapons Level 1 (Chrono Boost)  
  141  9:14  Warp Prism (Chrono Boost)  
  141  9:16  High Templar x4  
  145  9:17  Zealot x4  
  145  9:21  Probe  
  145  9:22  Probe x2  
  145  9:23  Probe  
  159  9:25  Gateway  
  159  9:28  Archon x2  
  159  9:31  Protoss Ground Armor Level 3 (Chrono Boost)  
  159  9:34  Probe x3  
  159  9:35  Probe  
  159  9:37  Blink  
  163  9:39  Observer  
  163  9:40  Pylon  
  163  9:41  Assimilator  
  163  9:42  Assimilator  
  161  9:49  Zealot x3  
  168  9:53  Gateway  
  168  9:58  Robotics Facility  
  168  10:00  Photon Cannon  
  168  10:12  Robotics Facility  
  152  10:23  Observer  
  142  10:31  High Templar x3  
  142  10:32  Zealot x4, High Templar  
  142  10:35  Gateway  
  158  10:37  Archon, Gateway  
  158  10:38  Archon  
  158  10:45  Immortal  
  158  10:49  Immortal  
  166  10:52  Robotics Bay  
  166  10:53  Zealot x6, Protoss Ground Weapons Level 2 (Chrono Boost), Nexus  
  178  10:57  Pylon  
  178  11:03  Pylon  
  178  11:15  Zealot x7  
  178  11:16  Zealot x2  
  166  11:21  Observer  
  160  11:35  Pylon  
  160  11:36  Colossus x2 (Chrono Boost)  
  174  11:51  Colossus (Chrono Boost)  
  174  11:52  Zealot x4  
  182  11:59  Photon Cannon  
  182  12:00  Photon Cannon  
  182  12:01  Zealot x3  
  188  12:06  High Templar x4  
  196  12:12  Archon x2  
  186  12:23  Colossus  
  192  12:30  Stalker x2  
  192  12:31  Stalker x2  
  192  12:32  Dark Shrine  
  200  12:38  Photon Cannon  
  180  13:07  Stalker x6  
  180  13:08  Stalker x6  
Tags
 
Add a new tag
Caveats
  • Supply blocks, unpowered buildings, or Contaminate may cause inaccurate times.
  • Supply counts are checked every 10 seconds.